General information
- name: BNet
- type: Ladder team game (AT/RT)
- host: Battle.net
- saver: FriendlyTyler
map: Mur'gulOasis
- players: 8
- length: 41:37
- speed: Fast
- version: 1.26 W3XP
- replay type:

» download(451 KB)
Players
team 1 (winner)
Birdeneering (
green | 138 APM | 5742 actions | 41:36)
6 Blademaster
3 Wind Walk
3 Critical Strike
» actions
| Assign group hotkey | 1181 | |
| Basic commands | 4 | |
| Build / train | 29 | |
| Enter build submenu | 15 | |
| Enter hero's abilities submenu | 6 | |
| Give item / drop item | 2 | |
| Right click | 3893 | |
| Select / deselect | 180 | |
| Select group hotkey | 302 | |
| Use ability | 130 | |
5742 total
» units
» buildings
| Altar of Storms | 1 | |
| Orc Burrow | 1 | |
| War Mill | 1 | |
| Watch Tower | 7 | |
| Voodoo Lounge | 2 | |
| Stronghold | 1 | |
| Great Hall | 1 | |
14 total
» build order
00:02 Altar of Storms
00:18 Orc Burrow
00:33 War Mill
01:45 Watch Tower
02:04 Watch Tower
02:20 Voodoo Lounge
02:34 Watch Tower
03:00 Stronghold
03:23 Watch Tower
04:11 Watch Tower
04:38 Watch Tower
05:00 Watch Tower
09:56 Voodoo Lounge
38:22 Great Hall
» items
| Healing Salve | 4 | |
| Lesser Clarity Potion | 2 | |
| Boots of Speed | 1 | |
| Staff of Teleportation | 1 | |
| Orb of Fire | 1 | |
9 total
FriendlyTyler (
yellow | 130 APM | 5412 actions | 41:37)
4 Archmage
2 Blizzard
2 Brilliance Aura
5 Mountain King
3 Storm Bolt
2 Bash
» actions
| Assign group hotkey | 6 | |
| Basic commands | 15 | |
| Build / train | 65 | |
| Enter build submenu | 38 | |
| Enter hero's abilities submenu | 10 | |
| Give item / drop item | 1 | |
| Right click | 4114 | |
| Select / deselect | 581 | |
| Select group hotkey | 384 | |
| Use ability | 196 | |
5412 total
» units
» upgrades
» buildings
| Altar of Kings | 3 | |
| Farm | 7 | |
| Lumber Mill | 1 | |
| Scout Tower | 22 | |
| Guard Tower | 13 | |
| Arcane Tower | 1 | |
| Keep | 2 | |
| Arcane Vault | 1 | |
50 total
» build order
00:10 Altar of Kings
00:19 Farm
00:34 Lumber Mill
00:48 Farm
01:23 Scout Tower
01:35 Scout Tower
01:37 Scout Tower
01:52 Guard Tower
01:52 Guard Tower
02:02 Arcane Tower
02:17 Guard Tower
02:20 Scout Tower
02:31 Scout Tower
02:59 Guard Tower
03:01 Scout Tower
03:03 Scout Tower
03:04 Scout Tower
03:25 Keep
03:25 Keep
03:36 Guard Tower
03:37 Scout Tower
03:39 Scout Tower
03:40 Scout Tower
04:14 Guard Tower
04:14 Guard Tower
04:30 Arcane Vault
04:32 Farm
04:41 Scout Tower
04:42 Scout Tower
04:43 Scout Tower
04:46 Scout Tower
04:58 Scout Tower
04:59 Scout Tower
05:00 Scout Tower
05:01 Scout Tower
05:04 Scout Tower
05:05 Scout Tower
05:15 Guard Tower
05:16 Guard Tower
05:35 Guard Tower
05:46 Guard Tower
05:52 Farm
05:54 Guard Tower
05:57 Scout Tower
10:02 Altar of Kings
11:20 Farm
12:40 Farm
13:33 Farm
32:34 Altar of Kings
» items
| Boots of Speed | 1 | |
| Staff of Teleportation | 1 | |
| Lesser Clarity Potion | 4 | |
| Healing Salve | 6 | |
12 total
GoToYurup (
red | 112 APM | 4647 actions | 41:36)
7 Warden
3 Shadow Strike
3 Blink
1 Spirit of Vengeance
» actions
| Assign group hotkey | 250 | |
| Basic commands | 74 | |
| Build / train | 64 | |
| ESC pressed | 4 | |
| Enter build submenu | 26 | |
| Enter hero's abilities submenu | 7 | |
| Give item / drop item | 4 | |
| Remove unit from queue | 1 | |
| Right click | 3121 | |
| Select / deselect | 528 | |
| Select group hotkey | 304 | |
| Use ability | 264 | |
4647 total
» units
» upgrades
| Strength of the Wild | 3 | |
| Reinforced Hides | 3 | |
| Well Spring | 1 | |
| Corrosive Breath | 1 | |
8 total
» buildings
| Altar of Elders | 3 | |
| Moon Well | 11 | |
| Tree of Ages | 2 | |
| Tree of Eternity | 3 | |
| Hunter's Hall | 1 | |
| Ancient of Wind | 1 | |
| Chimaera Roost | 3 | |
| Ancient of Wonders | 1 | |
| Tree of Life | 2 | |
27 total
» build order
00:04 Altar of Elders
00:04 Moon Well
00:09 Altar of Elders
01:37 Moon Well
04:44 Tree of Ages
04:45 Tree of Ages
04:57 Moon Well
05:52 Moon Well
07:25 Tree of Eternity
07:52 Hunter's Hall
07:55 Ancient of Wind
08:18 Tree of Eternity
08:19 Tree of Eternity
08:43 Moon Well
09:31 Moon Well
10:42 Chimaera Roost
10:42 Chimaera Roost
13:06 Ancient of Wonders
21:04 Chimaera Roost
21:06 Tree of Life
22:05 Tree of Life
22:11 Moon Well
22:13 Moon Well
27:29 Altar of Elders
27:33 Moon Well
28:08 Moon Well
28:10 Moon Well
» items
| Staff of Teleportation | 2 | |
| Lesser Clarity Potion | 2 | |
| Healing Salve | 2 | |
| Scroll of Regeneration | 1 | |
| Boots of Speed | 1 | |
| Scroll of Town Portal | 2 | |
| Staff of Preservation | 1 | |
11 total
nutsonyochin.de (
pink | 138 APM | 5741 actions | 41:36)
5 Archmage
3 Blizzard
2 Brilliance Aura
5 Mountain King
3 Storm Bolt
2 Bash
» actions
| Assign group hotkey | 19 | |
| Basic commands | 63 | |
| Build / train | 157 | |
| ESC pressed | 17 | |
| Enter build submenu | 116 | |
| Enter hero's abilities submenu | 10 | |
| Give item / drop item | 8 | |
| Right click | 2813 | |
| Select / deselect | 378 | |
| Select group hotkey | 1799 | |
| Use ability | 361 | |
5741 total
» units
| Peasant | 21 | |
| Dragonhawk Rider | 9 | |
30 total
» upgrades
| Masonry | 3 | |
| Magic Sentry | 1 | |
| Armor | 2 | |
| Animal War Training | 1 | |
| Cloud | 1 | |
8 total
» buildings
| Lumber Mill | 2 | |
| Farm | 7 | |
| Altar of Kings | 1 | |
| Scout Tower | 120 | |
| Arcane Tower | 8 | |
| Guard Tower | 76 | |
| Keep | 2 | |
| Arcane Sanctum | 1 | |
| Castle | 3 | |
| Gryphon Aviary | 1 | |
| Arcane Vault | 2 | |
| Blacksmith | 1 | |
| Barracks | 1 | |
| Town Hall | 3 | |
228 total
» build order
00:10 Lumber Mill
00:11 Farm
00:19 Altar of Kings
00:48 Scout Tower
00:55 Scout Tower
01:24 Scout Tower
01:27 Arcane Tower
01:27 Arcane Tower
01:34 Farm
01:47 Guard Tower
01:51 Scout Tower
02:01 Guard Tower
02:01 Guard Tower
02:16 Scout Tower
02:22 Guard Tower
02:23 Scout Tower
02:57 Guard Tower
02:58 Guard Tower
03:00 Scout Tower
03:01 Scout Tower
03:06 Scout Tower
03:31 Guard Tower
03:36 Scout Tower
03:37 Scout Tower
03:38 Guard Tower
03:39 Keep
04:31 Guard Tower
04:33 Scout Tower
04:34 Scout Tower
04:35 Scout Tower
04:35 Scout Tower
04:54 Scout Tower
04:54 Scout Tower
04:55 Scout Tower
04:56 Scout Tower
04:56 Scout Tower
04:57 Scout Tower
05:26 Guard Tower
05:30 Guard Tower
05:43 Scout Tower
05:46 Scout Tower
06:14 Guard Tower
06:16 Scout Tower
06:16 Scout Tower
06:17 Scout Tower
06:26 Arcane Sanctum
06:30 Arcane Tower
06:31 Guard Tower
07:25 Guard Tower
07:27 Scout Tower
07:28 Scout Tower
07:28 Scout Tower
07:35 Farm
07:35 Farm
07:41 Scout Tower
07:41 Scout Tower
07:43 Scout Tower
07:44 Scout Tower
07:45 Guard Tower
07:48 Castle
08:10 Guard Tower
08:12 Scout Tower
08:13 Scout Tower
08:14 Guard Tower
08:49 Scout Tower
08:50 Scout Tower
08:53 Guard Tower
09:00 Scout Tower
09:00 Scout Tower
09:01 Scout Tower
09:02 Scout Tower
09:14 Guard Tower
09:46 Guard Tower
09:47 Gryphon Aviary
10:20 Scout Tower
10:21 Scout Tower
10:21 Scout Tower
10:44 Farm
10:44 Farm
10:46 Arcane Vault
10:52 Guard Tower
10:53 Guard Tower
10:57 Guard Tower
12:38 Farm
15:41 Blacksmith
15:44 Barracks
16:01 Scout Tower
16:01 Scout Tower
16:02 Scout Tower
16:03 Scout Tower
16:03 Scout Tower
16:04 Scout Tower
16:06 Scout Tower
16:06 Scout Tower
16:07 Scout Tower
16:53 Guard Tower
16:54 Guard Tower
16:57 Guard Tower
16:57 Guard Tower
17:20 Town Hall
17:28 Town Hall
17:32 Guard Tower
17:33 Scout Tower
17:34 Scout Tower
17:35 Scout Tower
17:48 Guard Tower
17:49 Guard Tower
17:53 Guard Tower
19:12 Guard Tower
19:13 Scout Tower
19:14 Scout Tower
19:14 Scout Tower
19:44 Guard Tower
19:46 Scout Tower
19:46 Scout Tower
19:47 Scout Tower
19:54 Arcane Vault
20:36 Scout Tower
20:37 Scout Tower
20:38 Scout Tower
21:26 Scout Tower
21:27 Scout Tower
22:05 Guard Tower
22:06 Scout Tower
22:07 Scout Tower
22:07 Scout Tower
22:26 Guard Tower
24:13 Guard Tower
24:21 Guard Tower
24:22 Guard Tower
25:09 Scout Tower
25:10 Scout Tower
26:06 Guard Tower
28:08 Town Hall
29:43 Scout Tower
29:43 Scout Tower
29:43 Scout Tower
29:53 Lumber Mill
30:17 Guard Tower
30:19 Scout Tower
30:19 Scout Tower
30:48 Guard Tower
30:50 Scout Tower
31:02 Scout Tower
31:02 Scout Tower
31:03 Scout Tower
31:07 Scout Tower
31:08 Scout Tower
31:09 Scout Tower
31:33 Guard Tower
31:34 Scout Tower
31:34 Scout Tower
31:35 Scout Tower
31:36 Scout Tower
32:15 Guard Tower
32:24 Scout Tower
32:26 Scout Tower
32:29 Guard Tower
32:30 Guard Tower
32:31 Guard Tower
33:24 Guard Tower
33:31 Scout Tower
33:32 Scout Tower
33:32 Scout Tower
33:37 Scout Tower
33:37 Scout Tower
33:38 Scout Tower
33:47 Scout Tower
33:48 Scout Tower
33:49 Scout Tower
34:09 Arcane Tower
34:12 Arcane Tower
34:15 Keep
34:22 Arcane Tower
34:43 Guard Tower
34:50 Guard Tower
34:50 Guard Tower
34:50 Guard Tower
35:00 Guard Tower
35:41 Guard Tower
37:08 Castle
37:08 Castle
37:27 Scout Tower
37:28 Scout Tower
37:29 Scout Tower
37:30 Scout Tower
37:31 Scout Tower
37:32 Scout Tower
38:10 Guard Tower
38:28 Scout Tower
38:28 Scout Tower
38:31 Scout Tower
38:36 Guard Tower
38:41 Guard Tower
38:41 Guard Tower
38:42 Guard Tower
38:42 Guard Tower
38:48 Guard Tower
38:49 Guard Tower
39:05 Guard Tower
39:06 Guard Tower
39:09 Guard Tower
39:18 Scout Tower
39:18 Scout Tower
39:19 Scout Tower
39:53 Guard Tower
39:55 Scout Tower
39:55 Scout Tower
39:56 Scout Tower
40:22 Guard Tower
40:23 Guard Tower
40:26 Arcane Tower
40:26 Arcane Tower
40:28 Scout Tower
40:29 Scout Tower
40:29 Scout Tower
40:30 Scout Tower
40:31 Scout Tower
40:31 Scout Tower
41:08 Guard Tower
» items
| Boots of Speed | 2 | |
| Healing Salve | 3 | |
| Staff of Teleportation | 1 | |
| Lesser Clarity Potion | 1 | |
| Scroll of Regeneration | 3 | |
| Scroll of Town Portal | 2 | |
| Orb of Venom | 1 | |
| Staff of Preservation | 1 | |
| Staff of Sanctuary | 1 | |
| Orb of Fire | 1 | |
16 total
team 2 (loser)
JacK-FlasH (
purple | 36 APM | 1441 actions | 40:09)
4 Archmage
2 Blizzard
2 Brilliance Aura
3 Paladin
2 Holy Light
1 Divine Shield
» actions
| Build / train | 40 | |
| Enter build submenu | 16 | |
| Enter hero's abilities submenu | 7 | |
| Give item / drop item | 4 | |
| Remove unit from queue | 1 | |
| Right click | 1087 | |
| Select / deselect | 181 | |
| Use ability | 105 | |
1441 total
» units
» upgrades
| Masonry | 2 | |
| Lumber Harvesting | 1 | |
3 total
» buildings
| Altar of Kings | 1 | |
| Farm | 3 | |
| Scout Tower | 7 | |
| Arcane Tower | 3 | |
| Lumber Mill | 1 | |
| Guard Tower | 3 | |
| Keep | 1 | |
| Arcane Vault | 1 | |
| Town Hall | 1 | |
21 total
» build order
00:10 Altar of Kings
00:17 Farm
01:51 Scout Tower
02:04 Scout Tower
02:23 Arcane Tower
02:57 Arcane Tower
03:01 Farm
03:14 Farm
03:39 Lumber Mill
05:09 Scout Tower
05:14 Scout Tower
05:53 Guard Tower
05:54 Guard Tower
07:00 Keep
08:04 Arcane Vault
15:53 Scout Tower
16:01 Scout Tower
16:30 Arcane Tower
20:01 Scout Tower
21:32 Guard Tower
31:25 Town Hall
» items
| Scroll of Regeneration | 4 | |
| Lesser Clarity Potion | 3 | |
| Potion of Healing | 1 | |
| Scroll of Healing | 3 | |
| Scroll of Town Portal | 1 | |
| Potion of Lesser Invulnerability | 1 | |
| Potion of Mana | 2 | |
15 total
MightySwarm (
teal | 99 APM | 4115 actions | 41:33)
4 Blademaster
2 Wind Walk
2 Critical Strike
4 Shadow Hunter
2 Healing Wave
2 Hex
2 Dark Ranger
1 Silence
1 Black Arrow
» actions
| Assign group hotkey | 291 | |
| Basic commands | 276 | |
| Build / train | 117 | |
| ESC pressed | 1 | |
| Enter build submenu | 34 | |
| Enter hero's abilities submenu | 11 | |
| Give item / drop item | 4 | |
| Remove unit from queue | 7 | |
| Right click | 1193 | |
| Select / deselect | 565 | |
| Select group hotkey | 1271 | |
| Use ability | 342 | |
4115 total
» units
| Peon | 17 | |
| Troll Headhunter/Berserker | 7 | |
| Demolisher | 16 | |
| Troll Witch Doctor | 6 | |
| Tauren | 3 | |
| Troll Batrider | 6 | |
| Raider | 1 | |
56 total
» upgrades
| Armor | 3 | |
| Ranged Weapons | 3 | |
| Spiked Barricades | 1 | |
| Troll Regeneration | 1 | |
| Witch Doctor Training | 2 | |
| Burning Oil | 1 | |
| Berserker Upgrade | 1 | |
| Ensnare | 1 | |
| Pulverize | 1 | |
14 total
» buildings
| Altar of Storms | 1 | |
| Orc Burrow | 7 | |
| War Mill | 2 | |
| Barracks | 2 | |
| Stronghold | 3 | |
| Voodoo Lounge | 2 | |
| Watch Tower | 10 | |
| Spirit Lodge | 3 | |
| Fortress | 2 | |
| Tauren Totem | 1 | |
| Beastiary | 1 | |
| Great Hall | 3 | |
37 total
» build order
00:27 Altar of Storms
00:31 Orc Burrow
00:47 War Mill
01:00 Barracks
02:55 Orc Burrow
03:30 Stronghold
04:18 Voodoo Lounge
05:01 Orc Burrow
06:59 Watch Tower
07:00 Watch Tower
07:38 Barracks
09:14 Spirit Lodge
09:28 Fortress
09:28 Fortress
09:49 Orc Burrow
09:50 Orc Burrow
11:15 Spirit Lodge
11:17 Spirit Lodge
11:19 Orc Burrow
12:59 Orc Burrow
13:01 Tauren Totem
13:18 Watch Tower
13:20 Watch Tower
17:01 War Mill
21:10 Beastiary
28:13 Great Hall
29:26 Great Hall
29:38 Great Hall
29:41 Watch Tower
31:13 Watch Tower
34:18 Watch Tower
34:19 Watch Tower
34:19 Watch Tower
35:17 Watch Tower
35:19 Voodoo Lounge
» items
| Potion of Lesser Invulnerability | 1 | |
| Boots of Speed | 1 | |
| Orb of Lightning | 1 | |
| Scroll of Town Portal | 2 | |
| Lesser Clarity Potion | 1 | |
6 total
qwar2k (
orange | 81 APM | 3275 actions | 40:12)
5 Priestess of the Moon
1 Searing Arrows
3 Trueshot Aura
1 Scout
» actions
| Assign group hotkey | 155 | |
| Basic commands | 69 | |
| Build / train | 102 | |
| ESC pressed | 4 | |
| Enter build submenu | 32 | |
| Enter hero's abilities submenu | 6 | |
| Right click | 1471 | |
| Select / deselect | 599 | |
| Select group hotkey | 712 | |
| Use ability | 125 | |
3275 total
» units
| Wisp | 36 | |
| Huntress | 11 | |
| Hippogryph | 8 | |
| Chimaera | 10 | |
65 total
» upgrades
| Ultravision | 1 | |
| Moon Armor | 1 | |
| Upgrade Moon Glaive | 1 | |
| Well Spring | 1 | |
| Strength of the Wild | 2 | |
| Corrosive Breath | 1 | |
| Reinforced Hides | 1 | |
| Nature's Blessing | 1 | |
9 total
» buildings
| Altar of Elders | 1 | |
| Moon Well | 10 | |
| Hunter's Hall | 1 | |
| Ancient of War | 3 | |
| Ancient Protector | 5 | |
| Tree of Ages | 4 | |
| Tree of Eternity | 2 | |
| Ancient of Wind | 2 | |
| Tree of Life | 1 | |
| Chimaera Roost | 3 | |
| Ancient of Wonders | 4 | |
36 total
» build order
00:05 Altar of Elders
00:18 Moon Well
00:45 Hunter's Hall
01:31 Ancient of War
01:41 Ancient of War
01:46 Ancient of War
01:59 Moon Well
02:10 Moon Well
02:36 Moon Well
03:19 Ancient Protector
05:48 Tree of Ages
05:49 Tree of Ages
05:49 Tree of Ages
05:51 Ancient Protector
09:10 Tree of Eternity
09:11 Tree of Eternity
09:13 Ancient of Wind
09:16 Ancient Protector
09:17 Ancient Protector
10:45 Ancient of Wind
11:28 Tree of Life
12:29 Chimaera Roost
13:01 Chimaera Roost
13:56 Ancient Protector
14:24 Moon Well
14:38 Moon Well
15:25 Chimaera Roost
15:27 Moon Well
16:56 Moon Well
17:06 Moon Well
17:59 Moon Well
18:47 Ancient of Wonders
19:55 Ancient of Wonders
20:00 Ancient of Wonders
23:24 Ancient of Wonders
The_zarko (
blue | 98 APM | 4094 actions | 41:35)
4 Death Knight
2 Death Coil
2 Unholy Aura
4 Lich
2 Frost Nova
2 Frost Armor
» actions
| Assign group hotkey | 58 | |
| Basic commands | 172 | |
| Build / train | 79 | |
| ESC pressed | 7 | |
| Enter build submenu | 21 | |
| Enter hero's abilities submenu | 8 | |
| Remove unit from queue | 2 | |
| Right click | 2143 | |
| Select / deselect | 540 | |
| Select group hotkey | 922 | |
| Use ability | 142 | |
4094 total
» units
| Acolyte | 9 | |
| Ghoul | 6 | |
| Crypt Fiend | 17 | |
| Obsidian Statue | 5 | |
| Meatwagon | 2 | |
39 total
» upgrades
| Creature Attack | 3 | |
| Creature Carapace | 2 | |
| Burrow | 1 | |
| Web | 1 | |
| Destroyer Form | 1 | |
8 total
» buildings
| Crypt | 1 | |
| Graveyard | 1 | |
| Altar of Darkness | 1 | |
| Ziggurat | 12 | |
| Tomb of Relics | 1 | |
| Nerubian Tower | 2 | |
| Halls of the Dead | 2 | |
| Spirit Tower | 4 | |
| Black Citadel | 1 | |
| Slaughterhouse | 2 | |
| Necropolis | 1 | |
28 total
» build order
00:20 Crypt
00:23 Graveyard
00:41 Altar of Darkness
00:57 Ziggurat
01:14 Tomb of Relics
01:50 Ziggurat
02:01 Nerubian Tower
02:02 Nerubian Tower
03:40 Halls of the Dead
03:41 Halls of the Dead
04:55 Ziggurat
06:42 Spirit Tower
07:02 Ziggurat
09:19 Black Citadel
10:25 Slaughterhouse
10:27 Ziggurat
10:57 Slaughterhouse
13:13 Ziggurat
13:14 Ziggurat
15:16 Necropolis
16:56 Ziggurat
16:58 Ziggurat
17:01 Ziggurat
17:48 Spirit Tower
17:59 Spirit Tower
18:11 Spirit Tower
22:29 Ziggurat
22:32 Ziggurat
» items
| Dust of Appearance | 2 | |
| Rod of Necromancy | 1 | |
| Scroll of Town Portal | 1 | |
| Potion of Healing | 1 | |
5 total
Chat log
(00:03 / All) Birdeneering: hello!
(00:07 / All) Birdeneering: how do you feel about this game?
(00:10 / All) Birdeneering: i'm pumped
(00:36 / All) nutsonyochin.de: hey yall
(02:56 / All) FriendlyTyler: lol
(03:02 / All) MightySwarm: lol
(03:07 / All) MightySwarm: come back
(03:10 / All) MightySwarm: why run?
(03:27 / All) Birdeneering: looks like you lose again :(
(04:01 / All) MightySwarm: tp omg nooba
(04:05 / All) MightySwarm: come back
(04:44 / All) MightySwarm: yp lol
(04:51 / All) MightySwarm: more tower fast omg lamer`
(05:07 / All) MightySwarm: this is no game u disgust me
(05:41 / All) MightySwarm: lol
(05:44 / All) MightySwarm: tp 2
(05:47 / All) MightySwarm: for u
(06:01 / All) JacK-FlasH: ur getting flashed
(10:16 / All) MightySwarm: come
(16:30 / All) The_zarko: ty
(18:44 / All) MightySwarm: lol
(18:46 / All) MightySwarm: noioba\
(18:50 / All) MightySwarm: u need tower lol
(18:51 / All) Birdeneering: how can you hack
(18:52 / All) Birdeneering: and lose like this
(22:02 / All) Birdeneering: how can you be this fucking bad
(22:03 / All) Birdeneering: with maphack
(22:05 / All) Birdeneering: explain!
(22:17 / All) JacK-FlasH: we dont cheat
(25:27 / All) JacK-FlasH: more towers plz
(25:31 / All) Birdeneering: done
(25:39 / All) JacK-FlasH: ty
(25:42 / All) JacK-FlasH: nap
(27:22 / All) MightySwarm: noob
(27:23 / All) MightySwarm: lol
(28:14 / All) JacK-FlasH: noobs
(34:09 / All) MightySwarm: hack too?
(34:10 / All) MightySwarm: omg
(37:08 / All) JacK-FlasH: what a shame.if u played like this is a game and not real life.it would be a really gg
(37:27 / All) Birdeneering: how could you lose this
(37:34 / All) MightySwarm: lol
(37:36 / All) MightySwarm: piss off
(37:41 / All) MightySwarm: u bore us to deaeth
(37:42 / All) JacK-FlasH: talent with towers.
(37:54 / All) MightySwarm: lol nice boos
(37:55 / All) JacK-FlasH: its our fault
(37:56 / All) MightySwarm: noobs
(38:20 / All) JacK-FlasH: splitting forces and killing towers that didnt need to be killed
(38:25 / All) MightySwarm: lol
(38:27 / All) FriendlyTyler: is that your biggest regret
(38:33 / All) Birdeneering: well you're stupid
(38:35 / All) Birdeneering: so these things happen
(38:38 / All) MightySwarm: FUK U LOL
(38:40 / All) MightySwarm: GAY BOY
(38:47 / All) JacK-FlasH: nah.not being able to chew ur nose off mb
(38:54 / All) FriendlyTyler: come to toronto
(38:56 / All) FriendlyTyler: i cook u dinner?
(38:57 / All) MightySwarm: zzz u quiet when u loose lol
(39:05 / All) Birdeneering: sorry I had to micro for a while
(39:07 / All) JacK-FlasH: zzzzzzz
(39:17 / All) Birdeneering: you won't know what that's like
(39:18 / All) JacK-FlasH: lol with ur 1 hero hard
(40:14 / All) FriendlyTyler: gg
(40:15 / All) FriendlyTyler: 4-0
(41:06 / All) FriendlyTyler: lol
(41:19 / All) MightySwarm: u noobs tho
(41:22 / All) FriendlyTyler: really
(41:22 / All) MightySwarm: 1v3
(41:24 / All) MightySwarm: lol
(41:26 / All) Birdeneering: we beat you
(41:27 / Allies) Birdeneering: 4 times
(41:28 / All) FriendlyTyler: you lose to noobs 4 in a row?
(41:30 / All) MightySwarm: eq
(41:32 / All) Birdeneering: we beat you 4 times
(41:35 / All) FriendlyTyler: LOL